TOP OF THE 1ST |
New York Mets batting - Pitching for Cincinnati Reds : LHP Blake Snell
|
Pitching: LHP Blake Snell
|
|
Batting: SHB Ian Happ
|
0-0: Ball 1-0: Ground out 5-3 (Groundball, 5L, EV 87.5 MPH)
|
Batting: RHB Steve Pearce
|
0-0: Ball 1-0: Fly out, F9 (Line Drive, 9D, EV 96.9 MPH)
|
Batting: LHB Scott Schebler
|
0-0: Ball 1-0: Ground out 4-3 (Groundball, 4S, EV 85.6 MPH)
|
Top of the 1st over - 0 runs, 0 hits, 0 errors, 0 left on base; New York 0 - Cincinnati 0 |
BOTTOM OF THE 1ST |
Cincinnati Reds batting - Pitching for New York Mets : LHP Eduardo Rodriguez
|
Pitching: LHP Eduardo Rodriguez
|
|
Batting: RHB Trea Turner
|
0-0: Called Strike 0-1: Ball 1-1: Ball 2-1: Foul Ball, location: 2F 2-2: Foul Ball, location: 2F 2-2: Ground out 5-3 (Groundball, 56S, EV 84.4 MPH)
|
Batting: LHB Robinson Cano
|
0-0: Foul Ball, location: 2F 0-1: Ball 1-1: Foul Ball, location: 2F 1-2: Ball 2-2: Strikes out looking
|
Batting: RHB Hanley Ramirez
|
0-0: Called Strike 0-1: Called Strike 0-2: Ball 1-2: SOLO HOME RUN (Flyball, 78XD, EV 101.3 MPH), Distance : 404 ft
|
Batting: RHB Phil Ervin
|
0-0: Ball 1-0: Swinging Strike 1-1: Ball 2-1: Ball 3-1: Called Strike 3-2: Strikes out looking
|
Bottom of the 1st over - 1 run, 1 hit, 0 errors, 0 left on base; New York 0 - Cincinnati 1 |
TOP OF THE 2ND |
New York Mets batting - Pitching for Cincinnati Reds : LHP Blake Snell
|
Batting: LHB Mike Moustakas
|
0-0: Ball 1-0: Called Strike 1-1: SINGLE (Flyball, 89S, EV 88.8 MPH)
|
Batting: RHB Starlin Castro
|
0-0: Ball 1-0: Fly out, F4 (Popup, 4, EV 53.8 MPH)
|
Batting: RHB Salvador Perez
|
0-0: Ball 1-0: Foul Ball, location: 2F 1-1: Foul Ball, location: 2F 1-2: Ball 2-2: Strikes out swinging
|
Batting: LHB Travis Shaw
|
0-0: Ground out 6-3 (Groundball, 4S, EV 86.3 MPH)
|
Top of the 2nd over - 0 runs, 1 hit, 0 errors, 1 left on base; New York 0 - Cincinnati 1 |
BOTTOM OF THE 2ND |
Cincinnati Reds batting - Pitching for New York Mets : LHP Eduardo Rodriguez
|
Batting: RHB Chad Pinder
|
0-0: Called Strike 0-1: Foul Ball, location: 2F 0-2: Foul Ball, location: 2F 0-2: Ball 1-2: Ball 2-2: Ground out 1-3 (Groundball, 13, EV 63.1 MPH)
|
Batting: LHB Dustin Fowler
|
0-0: SINGLE (Groundball, 4MD, EV 95.0 MPH)
|
Batting: LHB Brian McCann
|
0-0: Ball 1-0: Ball 2-0: Called Strike 2-1: Ball 3-1: Called Strike 3-2: SINGLE (Line Drive, 8RS, EV 107.5 MPH) Dustin Fowler to second Dustin Fowler to third
|
Batting: LHB Jarrod Dyson
|
0-0: Called Strike 0-1: Ball 1-1: Ball 2-1: Swinging Strike 2-2: Foul Ball, location: 2F 2-2: Hit by Pitch Brian McCann to second
|
Batting: LHB Blake Snell
|
0-0: Called Strike 0-1: Called Strike 0-2: Ball 1-2: Ball 2-2: Strikes out swinging
|
Batting: RHB Trea Turner
|
0-0: Fly out, F8 (Line Drive, 8LM, EV 92.5 MPH)
|
Bottom of the 2nd over - 0 runs, 2 hits, 0 errors, 3 left on base; New York 0 - Cincinnati 1 |
TOP OF THE 3RD |
New York Mets batting - Pitching for Cincinnati Reds : LHP Blake Snell
|
Batting: RHB Nick Ahmed
|
0-0: DOUBLE (Line Drive, 78XD, EV 105.0 MPH)
|
Batting: LHB Eduardo Rodriguez
|
0-0: Sac Bunt to 3S - play at first, batter OUT! 3-1 Nick Ahmed to third
|
Batting: SHB Ian Happ
|
0-0: Ball 1-0: Ball 2-0: Foul Ball, location: 2F 2-1: Foul Ball, location: 2F 2-2: Ball 3-2: Strikes out swinging
|
Batting: RHB Steve Pearce
|
0-0: Ball 1-0: Ball 2-0: Ball 3-0: Base on Balls
|
Batting: LHB Scott Schebler
|
0-0: Ball 1-0: Ball 2-0: Called Strike 2-1: Foul Ball, location: 2F 2-2: Foul Ball, location: 2F 2-2: Strikes out swinging
|
Top of the 3rd over - 0 runs, 1 hit, 0 errors, 2 left on base; New York 0 - Cincinnati 1 |
BOTTOM OF THE 3RD |
Cincinnati Reds batting - Pitching for New York Mets : LHP Eduardo Rodriguez
|
Batting: LHB Robinson Cano
|
0-0: Called Strike 0-1: Swinging Strike 0-2: Foul Ball, location: 2F 0-2: DOUBLE (Line Drive, 8LXD, EV 108.8 MPH)
|
Batting: RHB Hanley Ramirez
|
0-0: Swinging Strike 0-1: Ball 1-1: Ball 2-1: Ball 3-1: Foul Ball, location: 2F 3-2: Base on Balls
|
Batting: RHB Phil Ervin
|
0-0: Called Strike 0-1: Reached on error, E4 (Groundball, 4, EV 86.9 MPH) Robinson Cano to third Hanley Ramirez to second
|
Batting: RHB Chad Pinder
|
0-0: Ball 1-0: Swinging Strike 1-1: Swinging Strike 1-2: Foul Ball, location: 2F 1-2: Foul Ball, location: 2F 1-2: Ball 2-2: Foul Ball, location: 2F 2-2: Fly out, F2 (Popup, 2LF, EV 83.8 MPH)
|
Batting: LHB Dustin Fowler
|
0-0: Foul Ball, location: 2F 0-1: Called Strike 0-2: Strikes out swinging
|
Batting: LHB Brian McCann
|
0-0: Ball 1-0: Ball 2-0: Ball 3-0: Base on Balls Robinson Cano scores Hanley Ramirez to third Phil Ervin to second
|
Batting: LHB Jarrod Dyson
|
0-0: Ball 1-0: Called Strike 1-1: Ball 2-1: Ball 3-1: Swinging Strike 3-2: Strikes out swinging
|
Bottom of the 3rd over - 1 run, 1 hit, 1 error, 3 left on base; New York 0 - Cincinnati 2 |
TOP OF THE 4TH |
New York Mets batting - Pitching for Cincinnati Reds : LHP Blake Snell
|
Batting: LHB Mike Moustakas
|
0-0: Ball 1-0: Foul Ball, location: 2F 1-1: Ball 2-1: Ball 3-1: Base on Balls
|
Batting: RHB Starlin Castro
|
0-0: Swinging Strike 0-1: Ball 1-1: Fly out, F8 (Line Drive, 8LD, EV 84.4 MPH)
|
Batting: RHB Salvador Perez
|
0-0: Ball 1-0: Foul Ball, location: 2F 1-1: Ball 2-1: Swinging Strike 2-2: Foul Ball, location: 2F 2-2: Fly out, F8 (Flyball, 8RD, EV 100.6 MPH)
|
Batting: LHB Travis Shaw
|
0-0: Ground out 1-3 (Groundball, 34S, EV 65.6 MPH)
|
Top of the 4th over - 0 runs, 0 hits, 0 errors, 1 left on base; New York 0 - Cincinnati 2 |
BOTTOM OF THE 4TH |
Cincinnati Reds batting - Pitching for New York Mets : LHP Eduardo Rodriguez
|
Batting: LHB Blake Snell
|
0-0: Called Strike 0-1: Ball 1-1: Called Strike 1-2: Strikes out swinging
|
Batting: RHB Trea Turner
|
0-0: Ball 1-0: Ball 2-0: Ball 3-0: Base on Balls
|
Batting: LHB Robinson Cano
|
0-0: Ball 1-0: Foul Ball, location: 2F 1-1: Fly out, F8 (Flyball, 8LM, EV 71.9 MPH)
|
Pitching: RHP Eric Hanhold
|
|
Batting: RHB Hanley Ramirez
|
0-0: Ball 1-0: Fly out, F9 (Flyball, 9, EV 76.9 MPH)
|
Bottom of the 4th over - 0 runs, 0 hits, 0 errors, 1 left on base; New York 0 - Cincinnati 2 |
TOP OF THE 5TH |
New York Mets batting - Pitching for Cincinnati Reds : LHP Blake Snell
|
Batting: RHB Nick Ahmed
|
0-0: Ball 1-0: Foul Ball, location: 2F 1-1: Bunt for hit to 13 - play at first, batter OUT! 1-3
|
Batting: RHB Eric Hanhold
|
0-0: Called Strike 0-1: Ball 1-1: Foul Ball, location: 2F 1-2: Ball 2-2: Foul Ball, location: 2F 2-2: Strikes out looking
|
Batting: SHB Ian Happ
|
0-0: Ball 1-0: Called Strike 1-1: Bunt for hit to 13 - play at first, batter OUT! 1-3
|
Top of the 5th over - 0 runs, 0 hits, 0 errors, 0 left on base; New York 0 - Cincinnati 2 |
BOTTOM OF THE 5TH |
Cincinnati Reds batting - Pitching for New York Mets : RHP Eric Hanhold
|
Batting: RHB Phil Ervin
|
0-0: Called Strike 0-1: Swinging Strike 0-2: Strikes out swinging
|
Batting: RHB Chad Pinder
|
0-0: Fly out, F9 (Flyball, 89D, EV 93.1 MPH)
|
Batting: LHB Dustin Fowler
|
0-0: Called Strike 0-1: Called Strike 0-2: Ball 1-2: Foul Ball, location: 2F 1-2: Ball 2-2: Ball 3-2: Foul Ball, location: 2F 3-2: SOLO HOME RUN (Flyball, 7D, EV 106.9 MPH), Distance : 391 ft
|
Batting: LHB Brian McCann
|
0-0: SINGLE (Groundball, 6MD, EV 94.4 MPH)
|
Batting: LHB Jarrod Dyson
|
0-0: Foul Ball, location: 2F 0-1: Foul Ball, location: 2F 0-2: Ball 1-2: Ball 2-2: Ball Wild Pitch! Brian McCann to second 3-2: Intentional Walk
|
Batting: LHB Blake Snell
|
0-0: Ball 1-0: Ground out 4-3 (Groundball, 4, EV 78.8 MPH)
|
Bottom of the 5th over - 1 run, 2 hits, 0 errors, 2 left on base; New York 0 - Cincinnati 3 |
TOP OF THE 6TH |
New York Mets batting - Pitching for Cincinnati Reds : LHP Blake Snell
|
Batting: RHB Steve Pearce
|
0-0: Foul Ball, location: 2F 0-1: Ball 1-1: Fly out, F7 (Flyball, 7S, EV 91.9 MPH)
|
Batting: LHB Scott Schebler
|
0-0: Called Strike 0-1: SOLO HOME RUN (Flyball, 9D, EV 104.4 MPH), Distance : 384 ft
|
Batting: LHB Mike Moustakas
|
0-0: Ball 1-0: Ball 2-0: SINGLE (Groundball, 4MD, EV 98.1 MPH)
|
Batting: RHB Starlin Castro
|
0-0: Ball 1-0: Swinging Strike 1-1: Ball Balk! Mike Moustakas to second 2-1: Called Strike 2-2: Fly out, F7 (Flyball, 78S, EV 80.6 MPH)
|
Batting: RHB Salvador Perez
|
0-0: Called Strike 0-1: Ball Wild Pitch! Mike Moustakas to third 1-1: SINGLE (Flyball, 7S, EV 86.9 MPH) Mike Moustakas scores
|
Batting: LHB Travis Shaw
|
0-0: Called Strike 0-1: Called Strike 0-2: Ball 1-2: Foul Ball, location: 2F 1-2: Ball 2-2: Strikes out swinging
|
Top of the 6th over - 2 runs, 3 hits, 0 errors, 1 left on base; New York 2 - Cincinnati 3 |
BOTTOM OF THE 6TH |
Cincinnati Reds batting - Pitching for New York Mets : RHP Eric Hanhold
|
Batting: RHB Trea Turner
|
0-0: Called Strike 0-1: Called Strike 0-2: Ball 1-2: Ball 2-2: Foul Ball, location: 2F 2-2: Ball 3-2: Foul Ball, location: 2F 3-2: Fly out, F5 (Popup, 56, EV 69.4 MPH)
|
Batting: LHB Robinson Cano
|
0-0: Called Strike 0-1: Swinging Strike 0-2: Ball 1-2: Ball 2-2: Foul Ball, location: 2F 2-2: Strikes out swinging, 2-3 out at first.
|
Pitching: RHP Nick Wittgren
|
|
Now at 2B: Jonathan Villar
|
|
Batting: RHB Hanley Ramirez
|
0-0: Called Strike 0-1: Swinging Strike 0-2: Ball 1-2: Ball 2-2: Strikes out swinging
|
Bottom of the 6th over - 0 runs, 0 hits, 0 errors, 0 left on base; New York 2 - Cincinnati 3 |
TOP OF THE 7TH |
New York Mets batting - Pitching for Cincinnati Reds : LHP Blake Snell
|
Batting: RHB Nick Ahmed
|
0-0: Ball 1-0: Foul Ball, location: 2F 1-1: Foul Ball, location: 2F 1-2: Ball 2-2: Foul Ball, location: 2F 2-2: SOLO HOME RUN (Flyball, 7D, EV 95.6 MPH), Distance : 376 ft
|
Batting: SHB Jonathan Villar
|
0-0: Called Strike 0-1: Called Strike 0-2: Ball 1-2: Foul Ball, location: 2F 1-2: Ball 2-2: Strikes out looking
|
Pitching: RHP Edgar Santana
|
|
Batting: SHB Ian Happ
|
0-0: Ball 1-0: Called Strike 1-1: Ground out 1-3 (Groundball, 13, EV 75.6 MPH)
|
Batting: RHB Steve Pearce
|
0-0: Ball 1-0: Called Strike 1-1: Ball 2-1: Foul Ball, location: 2F 2-2: Foul Ball, location: 2F 2-2: Ball 3-2: Foul Ball, location: 2F 3-2: SINGLE (Line Drive, 7S, EV 89.4 MPH)
|
Batting: LHB Scott Schebler
|
0-0: Foul Ball, location: 2F 0-1: Ball 1-1: Swinging Strike 1-2: Foul Ball, location: 2F 1-2: SINGLE (Line Drive, 8LS, EV 100.6 MPH) Steve Pearce to second
|
Batting: LHB Mike Moustakas
|
0-0: Ball 1-0: Ball Passed Ball! Steve Pearce to third Scott Schebler to second 2-0: Ground out U3 (Groundball, 3, EV 83.8 MPH)
|
Top of the 7th over - 1 run, 3 hits, 0 errors, 2 left on base; New York 3 - Cincinnati 3 |
BOTTOM OF THE 7TH |
Cincinnati Reds batting - Pitching for New York Mets : RHP Nick Wittgren
|
Batting: RHB Phil Ervin
|
0-0: Ball 1-0: Called Strike 1-1: Ball 2-1: Foul Ball, location: 2F 2-2: Fly out, F8 (Flyball, 8LD, EV 84.4 MPH)
|
Batting: RHB Chad Pinder
|
0-0: Called Strike 0-1: Ball 1-1: Called Strike 1-2: Ball 2-2: Strikes out looking
|
Batting: LHB Dustin Fowler
|
0-0: Called Strike 0-1: Swinging Strike 0-2: Foul Ball, location: 2F 0-2: Ball 1-2: Ball 2-2: Foul Ball, location: 2F 2-2: Fly out, F6 (Popup, 6, EV 63.1 MPH)
|
Bottom of the 7th over - 0 runs, 0 hits, 0 errors, 0 left on base; New York 3 - Cincinnati 3 |
TOP OF THE 8TH |
New York Mets batting - Pitching for Cincinnati Reds : RHP Edgar Santana
|
Pinch Hitting: LHB Eddie Rosario
|
0-0: Called Strike 0-1: Foul Ball, location: 2F 0-2: Strikes out swinging
|
Batting: RHB Salvador Perez
|
0-0: Ball 1-0: Ball 2-0: Ball 3-0: Called Strike 3-1: Base on Balls
|
Pitching: RHP Raisel Iglesias
|
|
Batting: LHB Travis Shaw
|
0-0: Ball 1-0: Called Strike 1-1: Ball 2-1: Foul Ball, location: 2F 2-2: Ball 3-2: Strikes out looking
|
Batting: RHB Nick Ahmed
|
0-0: Called Strike 0-1: Fly out, F7 (Flyball, 7S, EV 91.9 MPH)
|
Top of the 8th over - 0 runs, 0 hits, 0 errors, 1 left on base; New York 3 - Cincinnati 3 |
BOTTOM OF THE 8TH |
Cincinnati Reds batting - Pitching for New York Mets : RHP Nick Wittgren
|
Pitching: RHP Drew Steckenrider
|
|
Batting: LHB Brian McCann
|
0-0: Swinging Strike 0-1: Ball 1-1: Ball 2-1: Ball 3-1: Base on Balls
|
Batting: LHB Jarrod Dyson
|
0-0: Called Strike 0-1: Ball 1-1: Foul Ball, location: 2F 1-2: Foul Ball, location: 2F 1-2: Strikes out swinging
|
Pinch Hitting: LHB Gregory Polanco
|
0-0: Called Strike 0-1: Foul Ball, location: 2F 0-2: Ball 1-2: Strikes out swinging
|
Batting: RHB Trea Turner
|
0-0: Ball 1-0: Ball 2-0: Ball 3-0: Called Strike 3-1: Called Strike 3-2: Strikes out looking
|
Bottom of the 8th over - 0 runs, 0 hits, 0 errors, 1 left on base; New York 3 - Cincinnati 3 |
TOP OF THE 9TH |
New York Mets batting - Pitching for Cincinnati Reds : RHP Raisel Iglesias
|
Pitching: RHP Richard Rodriguez
|
|
Batting: SHB Jonathan Villar
|
0-0: Ball 1-0: Foul Ball, location: 2F 1-1: SINGLE (Line Drive, 9S, EV 100.0 MPH)
|
Batting: SHB Ian Happ
|
0-0: Called Strike 0-1: Ball 1-1: Ball 2-1: Foul Ball, location: 2F 2-2: Ball 3-2: Fly out, F9 (Flyball, 9LS, EV 72.5 MPH)
|
Pitching: LHP Ryan Sherriff
|
|
Batting: RHB Steve Pearce
|
0-0: Ball 1-0: Called Strike 1-1: Called Strike Jonathan Villar is caught stealing 2nd base 2-4 1-2: Strikes out swinging
|
Top of the 9th over - 0 runs, 1 hit, 0 errors, 0 left on base; New York 3 - Cincinnati 3 |
BOTTOM OF THE 9TH |
Cincinnati Reds batting - Pitching for New York Mets : RHP Drew Steckenrider
|
Pitching: RHP Corey Knebel
|
|
Batting: LHB Robinson Cano
|
0-0: Fly out, F9 (Flyball, 9LS, EV 91.3 MPH)
|
Pitching: RHP Josh Fields
|
|
Batting: RHB Hanley Ramirez
|
0-0: Ball 1-0: Ball 2-0: Fly out, F7 (Flyball, 7LSF, EV 89.4 MPH)
|
Batting: RHB Phil Ervin
|
0-0: Ball 1-0: Ball 2-0: Called Strike 2-1: Foul Ball, location: 2F 2-2: Foul Ball, location: 2F 2-2: Foul Ball, location: 2F 2-2: DOUBLE (Line Drive, 89XD, EV 101.9 MPH)
|
Batting: RHB Chad Pinder
|
0-0: Swinging Strike 0-1: Called Strike 0-2: Fly out, F9 (Flyball, 9LSF, EV 83.1 MPH)
|
Bottom of the 9th over - 0 runs, 1 hit, 0 errors, 1 left on base; New York 3 - Cincinnati 3 |
TOP OF THE 10TH |
New York Mets batting - Pitching for Cincinnati Reds : LHP Ryan Sherriff
|
Batting: LHB Scott Schebler
|
0-0: Ball 1-0: Called Strike 1-1: Called Strike 1-2: Ground out U3 (Groundball, 3L, EV 85.0 MPH)
|
Batting: LHB Mike Moustakas
|
0-0: Ball 1-0: Ball 2-0: Ball 3-0: Called Strike 3-1: Called Strike 3-2: Strikes out looking
|
Pinch Hitting: RHB Ramon Laureano
|
0-0: Ball 1-0: Ball 2-0: Foul Ball, location: 2F 2-1: Ball 3-1: Called Strike 3-2: SINGLE (Line Drive, 89M, EV 87.5 MPH)
|
Batting: RHB Salvador Perez
|
0-0: Ball 1-0: Foul Ball, location: 2F 1-1: Called Strike 1-2: SINGLE (Line Drive, 9S, EV 94.4 MPH) Ramon Laureano to second Runner from 2nd tries for 3rd, SAFE, no throw by RF
|
Batting: LHB Travis Shaw
|
0-0: Ground out U3 (Groundball, 3L, EV 105.0 MPH)
|
Top of the 10th over - 0 runs, 2 hits, 0 errors, 2 left on base; New York 3 - Cincinnati 3 |
BOTTOM OF THE 10TH |
Cincinnati Reds batting - Pitching for New York Mets : RHP Josh Fields
|
Pitching: RHP Adam Cimber
|
|
Batting: LHB Dustin Fowler
|
0-0: SINGLE (Groundball, 56, EV 83.1 MPH) (infield hit)
|
Batting: LHB Brian McCann
|
0-0: Called Strike 0-1: Ball 1-1: Swinging Strike 1-2: Ball 2-2: Ball 3-2: Base on Balls Dustin Fowler to second
|
Batting: LHB Jarrod Dyson
|
0-0: Swinging Strike 0-1: Ball 1-1: Called Strike 1-2: Foul Ball, location: 2F 1-2: Strikes out swinging
|
Pinch Hitting: LHB Ji-man Choi
|
0-0: Called Strike 0-1: Swinging Strike 0-2: Ball 1-2: Strikes out swinging
|
Batting: RHB Trea Turner
|
0-0: Called Strike 0-1: Foul Ball, location: 2F 0-2: Fielders Choice at 2nd, 5-4 (Groundball, 56, EV 100.0 MPH)
|
Bottom of the 10th over - 0 runs, 1 hit, 0 errors, 2 left on base; New York 3 - Cincinnati 3 |
TOP OF THE 11TH |
New York Mets batting - Pitching for Cincinnati Reds : LHP Ryan Sherriff
|
Pitching: RHP Thyago Vieira
|
|
Batting: RHB Nick Ahmed
|
0-0: Ball 1-0: Called Strike 1-1: Swinging Strike 1-2: Strikes out swinging
|
Batting: SHB Jonathan Villar
|
0-0: Called Strike 0-1: Ball 1-1: Ball 2-1: Ball 3-1: Foul Ball, location: 2F 3-2: Foul Ball, location: 2F 3-2: Foul Ball, location: 2F 3-2: SINGLE (Line Drive, 8RS, EV 97.5 MPH)
|
Batting: SHB Ian Happ
|
0-0: Called Strike 0-1: Ball 1-1: Ball 2-1: Foul Ball, location: 2F 2-2: Ball 3-2: Foul Ball, location: 2F 3-2: Base on Balls Jonathan Villar to second
|
Pitching: LHP Daniel Norris
|
|
Batting: RHB Steve Pearce
|
0-0: Ball 1-0: Ball 2-0: Ball 3-0: Base on Balls Jonathan Villar to third Ian Happ to second
|
Batting: LHB Scott Schebler
|
0-0: SINGLE (Line Drive, 9S, EV 91.3 MPH) Jonathan Villar scores Ian Happ to third Steve Pearce to second Runner from 3rd tries for Home, SAFE, no throw by RF
|
Batting: LHB Mike Moustakas
|
0-0: Ball 1-0: Fly out, F9 (Flyball, 89D, EV 96.9 MPH) Runner from 2nd tags up, SAFE at 3rd, no throw by RF
|
Pinch Hitting: LHB Gerardo Parra
|
0-0: Ball 1-0: Ball 2-0: Foul Ball, location: 2F 2-1: Ball 3-1: DOUBLE (Flyball, 78D, EV 106.3 MPH) Steve Pearce scores Scott Schebler to third
|
Batting: RHB Salvador Perez
|
0-0: Swinging Strike 0-1: Ball 1-1: Foul Ball, location: 2F 1-2: Ball 2-2: Ground out 5-3 (Groundball, 56, EV 98.8 MPH)
|
Top of the 11th over - 3 runs, 3 hits, 0 errors, 2 left on base; New York 6 - Cincinnati 3 |
BOTTOM OF THE 11TH |
Cincinnati Reds batting - Pitching for New York Mets : RHP Adam Cimber
|
Pitching: RHP Steve Cishek
|
|
Batting: LHB Robinson Cano
|
0-0: Called Strike 0-1: Foul Ball, location: 2F 0-2: Ball 1-2: Ball 2-2: Ball 3-2: Foul Ball, location: 2F 3-2: Foul Ball, location: 2F 3-2: Strikes out swinging
|
Batting: RHB Hanley Ramirez
|
0-0: Called Strike 0-1: Foul Ball, location: 2F 0-2: Strikes out swinging
|
Batting: RHB Phil Ervin
|
0-0: Ball 1-0: Foul Ball, location: 2F 1-1: Called Strike 1-2: Foul Ball, location: 2F 1-2: Foul Ball, location: 2F 1-2: Strikes out swinging
|
Bottom of the 11th over - 0 runs, 0 hits, 0 errors, 0 left on base; New York 6 - Cincinnati 3 |
|